 Dungeon Crawl Stone Soup version 0.30.1-11-g7821555f0a (webtiles) character file.

Game seed: 5915220610537820328

17097 Danienth the Grappler (level 12, -13/124 (126) HPs)
             Began as a Troll Earth Elementalist on Oct 24, 2023.
             Was an Elder of Qazlal.
             Killed from afar by an orc sorcerer (36 damage)
             ... with a bolt of fire
             ... on level 2 of the Orcish Mines on Oct 29, 2023.
             The game lasted 00:48:01 (11132 turns).

Danienth the Grappler (Troll Earth Elementalist)   Turns: 11132, Time: 00:48:05

HP:   -13/124 (126) AC: 15    Str: 25    XL:     12   Next: 15%
MP:   16/16         EV:  9    Int: 18    God:    Qazlal [****..]
Gold: 867           SH: 10    Dex: 12    Spells: 1/18 levels left

rFire   x . .        Z - +6 spear "Ukhutzuaq" {vamp, Fly rF- rCorr Int+5}
rCold   . . .        (no shield)
rNeg    . . .        F - +1 swamp dragon scales
rPois   +            B - +2 hat
rElec   .            y - +0 cloak
rCorr   +            (gloves unavailable)
SInv    +            (boots unavailable)
Will    .....        K - amulet of reflection
Stlth   +            f - ring of see invisible
HPRegen 1.20/turn    k - +6 ring of strength
MPRegen 0.15/turn

%: repel missiles, reflection
@: flying, lightly drained
A: large, unfitting armour, claws 3, regeneration 1, shaggy fur 1, tough skin 1
a: Renounce Religion, Upheaval, Elemental Force


You were on level 2 of the Orcish Mines.
You worshipped Qazlal.
Qazlal was greatly pleased with you.
You visited 4 branches of the dungeon, and saw 15 of its levels.

You collected 867 gold pieces.

Inventory:

Hand Weapons
 j - a +0 dagger of protection
 l - a +2 dagger of flaming
 x - a +4 quarterstaff of chaos
 A - a +3 long sword of freezing
 C - a +4 dire flail
 D - a +3 halberd of freezing
 H - a +1 scimitar of flaming
 V - a +1 long sword of holy wrath
 Z - the +6 spear "Ukhutzuaq" (weapon) {vamp, Fly rF- rCorr Int+5}
   (You found it on level 11 of the Dungeon)

   Int:       It affects your intelligence (+5).
   rF:        It makes you vulnerable to fire.
   Fly:       It grants you flight.
   rCorr:     It protects you from acid and corrosion.
Missiles
 c - 43 poisoned darts
 o - 8 javelins
 X - a throwing net
Armour
 a - a +0 robe
 h - +0 steam dragon scales
 y - a +0 cloak (worn)
 B - a +2 hat (worn)
 F - +1 swamp dragon scales (worn)
 S - a +0 troll leather armour
Jewellery
 f - a ring of see invisible (left claw)
 k - a +6 ring of strength (right claw)
 m - a ring of flight
 K - an amulet of reflection (around neck)
 P - a ring of positive energy
Wands
 b - a wand of mindburst (19) (quivered)
 v - a wand of polymorph (11)
 z - a wand of charming (17)
 I - a wand of iceblast (5)
 Q - a wand of digging (4)
Scrolls
 d - 4 scrolls of magic mapping
 e - 5 scrolls of vulnerability
 g - a scroll of torment {unknown}
 p - a scroll of amnesia {unknown}
 q - a scroll of fear {unknown}
 r - a scroll of enchant weapon {unknown}
 s - a scroll of teleportation
 u - 2 scrolls of blinking {unknown}
 E - 4 scrolls of identify
 J - a scroll of immolation {unknown}
 N - a scroll of brand weapon {unknown}
 T - a scroll of silence {unknown}
 U - 2 scrolls of enchant armour {unknown}
 Y - a scroll of poison
Potions
 i - 2 potions of haste
 n - 2 potions of brilliance
 t - a potion of lignification
 w - 5 potions of attraction
 G - a potion of flight {unknown}
 O - 2 potions of magic
 R - a potion of curing
 W - a potion of berserk rage {unknown}
Miscellaneous
 L - a piece from Xom's chessboard (15/15)
 M - a phantom mirror


   Skills:
 - Level 10.0 Fighting
 * Level 1.4 Polearms
 - Level 6.0 Armour
 - Level 2.2 Dodging
 - Level 1.0 Stealth
 - Level 10.7 Unarmed Combat
 - Level 3.6 Spellcasting
 - Level 4.0 Conjurations
 - Level 0.6 Transmutations
 - Level 5.4 Earth Magic


You had one spell level left.
You knew the following spells:

 Your Spells              Type           Power      Damage    Failure   Level
a - Sandblast             Erth           44%        2d11      2%          1
b - Passwall              Tmut/Erth      11%        N/A       10%         2
c - Stone Arrow           Conj/Erth      40%        3d9       10%         3
d - Inner Flame           Hex/Fire       3%         N/A       56%         3
e - Mephitic Cloud        Conj/Pois/Air  8%         N/A       36%         3
f - Freezing Cloud        Conj/Ice/Air   4%         6-21      98%         5

Your spell library contained the following spells:

 Spells                   Type           Power      Damage    Failure   Level
 Magic Dart               Conj           68%        1d6       4%          1
 Call Imp                 Summ           6%         N/A       34%         2
 Lesser Beckoning         Tloc           6%         N/A       34%         2
 Poisonous Vapours        Pois/Air       6%         N/A       34%         2
 Petrify                  Tmut/Erth      14%        N/A       54%         4
 Gell's Gravitas          Tloc           3%         N/A       56%         3
 Ozocubu's Armour         Ice            3%         N/A       56%         3
 Teleport Other           Tloc           3%         N/A       56%         3
 Yara's Violent Unravell  Hex/Tmut       2%         3d3       99%         5
 Enfeeble                 Hex            1%         N/A       100%        7
 Ozocubu's Refrigeration  Ice            1%         4d7       100%        7


Dungeon Overview and Level Annotations

Branches:
Dungeon (11/15)            Temple (1/1) D:7            Lair (1/5) D:8
    Orc (2/2) D:10
    Elf: Orc:2

Altars:
Ashenzari
Cheibriados
Dithmenos
Elyvilon
Fedhas
Gozag
Hepliaklqana
Kikubaaqudgha
Makhleb
Nemelex Xobeh
Okawaru
Qazlal
Ru
Sif Muna
Trog
Uskayaw
Vehumet
Wu Jian
Xom
Yredelemnul
Zin
The Shining One

Shops:
D:3 [   D:4 :   Orc:2 ?

Annotations:
D:11 2 transporters, monsoonserge's ghost, journeyman SpHu


Innate Abilities, Weirdness & Mutations

You are too large for most types of armour.
You have claws for hands.
Your natural rate of healing is unusually fast.
You are covered in fur. (AC +1)
You have tough skin. (AC +1)


Message History

The orc sorcerer howls an incantation.
You feel troubled.
You hear a shout! x2
You hear a shout! x5
The orc warrior unwields a +0 flail.
The orc warrior wields a +0 arbalest.
The orc warrior shoots a bolt.
The bolt barely misses you.
You hear a shout!
An orc and an orc warrior come into view.
The orc warrior shouts!
You hear a howl!
The orc warrior unwields a +0 flail.
The orc warrior wields a +0 arbalest.
The orc warrior shoots a bolt.
You block the bolt with an invisible shield... and reflect it back!
The bolt barely misses the orc warrior.
An orc comes into view.
It is wielding a +2 short sword of draining.
The orc warrior shoots a bolt.
The bolt hits you!
* * * LOW HITPOINT WARNING * * *
As you read the scroll of teleportation, it crumbles to dust.
You feel strangely unstable.
A saltling comes into view.
An orc comes into view. It is wielding a +0 whip.
The orc warrior is engulfed in blazing flames.
The orc warrior shoots a bolt.
The bolt closely misses you.
An orc wizard and 2 orcs come into view.
The orc wizard is wielding a +0 dagger and wearing a +2 robe of willpower.
The orc wizard shouts!
The orc shouts! x3
The orc sorcerer casts a spell at you. You resist with some effort.
An orc warrior comes into view. It is wielding a +0 war axe.
The orc warrior is engulfed in blazing flames.
The orc warrior unwields a +0 arbalest.
The orc warrior wields a +0 flail.
The orc warrior hits you with a +0 flail!
* * * LOW HITPOINT WARNING * * *
Activating: Elemental Force (61% risk of failure)
Press: ? - help, Dir - look around, f - activate You fail to use your ability.
Your surroundings suddenly seem different.
The orc knight shouts!
The orc shouts!
The orc warrior shouts!
The orc sorcerer gestures at you while chanting.
The bolt of fire hits you!!! The fire burns you terribly!
You die...

... ##..♣# ###
##.♣.∩.♣#.##
.....♣.....
......#...###
......o...## .
.#........#
o...#)@#.#.#
.#...†).##
.o..☼.☼o...##
..$.o........#
.............#
.......#....##
.$....#......#
.............#
...........##


You could see an orc knight, an orc sorcerer, an orc warrior and an orc.

Vanquished Creatures
  Gastronok (D:8)
  Snorg (D:11)
  Erica (Lair:1)
  Erolcha (D:11)
  A two-headed ogre (D:9)
  Urug (D:11)
  An elephant (D:8)
  4 cane toads (Lair:1)
  Maggie (Lair:1)
  A rime drake (Lair:1)
  A kobold demonologist (D:11)
  A komodo dragon (Lair:1)
  A saltling (Orc:2)
  3 trolls
  3 blink frogs (Lair:1)
  A hornet (D:11)
  Sigmund (D:6)
  2 shadows
  A wraith (D:10)
  15 yaks
  2 wyverns
  2 steam dragons (D:8)
  A warg (Orc:1)
  2 basilisks
  Duvessa (D:6)
  An acid dragon (D:11)
  6 orc warriors
  3 water moccasins
  An ice beast (D:4)
  2 sky beasts
  2 black bears
  A swamp drake (D:10)
  An ogre (D:6)
  3 centaurs
  A phantom (D:5)
  3 kobold brigands
  3 bullfrogs
  A gnoll sergeant (D:11)
  2 scorpions (D:4)
  8 wights
  Dowan (D:6)
  17 killer bees
  A howler monkey (D:11)
  5 hounds
  3 jellies
  7 orc priests
  Crazy Yiuf (D:5)
  A gnoll bouda (D:5)
  Ijyb (D:3)
  A sleepcap (D:7)
  5 iguanas
  Terence (D:3)
  17 orc wizards
  12 gnolls
  4 adders
  A shadow imp (D:6)
  A white imp (D:6)
  3 worms (D:2)
  5 dart slugs
  48 orcs
  6 ball pythons
  7 bats
  8 endoplasms
  4 giant cockroaches
  13 goblins
  12 hobgoblins
  6 jackals
  29 kobolds
  5 quokkas
  4 frilled lizards
  2 rats (D:2)
319 creatures vanquished.

Vanquished Creatures (others)
  A jelly (D:8)
  An orc (Orc:2)
2 creatures vanquished.

Grand Total: 321 creatures vanquished

Notes
Turn   | Place    | Note
-------+----------+-------------------------------------------
     0 | D:1      | Danienth the Troll Earth Elementalist began the quest for
                  | the Orb.
     0 | D:1      | Reached XP level 1. HP: 16/16 MP: 1/1
     0 | D:1      | Upgraded the game from 0.30.1-9-gdf580d7c3d to
                  | 0.30.1-11-g7821555f0a
   122 | D:1      | Reached skill level 1 in Unarmed Combat
   128 | D:1      | Reached XP level 2. HP: 19/26 MP: 2/2
   171 | D:1      | Reached skill level 1 in Fighting
   499 | D:1      | Reached XP level 3. HP: 33/33 MP: 3/3
  1022 | D:1      | Learned a level 2 spell: Passwall
  1067 | D:2      | Reached XP level 4. HP: 10/42 MP: 0/4
  1461 | D:2      | You fall into a shaft and drop 1 floor!
  1462 | D:3      | Noticed Terence
  1480 | D:3      | Killed Terence
  1536 | D:3      | Reached XP level 5. HP: 50/50 MP: 5/5
  1558 | D:3      | Found Jasiefext's Antique Armour Emporium.
  1565 | D:3      | Identified the +4 ring mail of Huicubb {SInv}
  1576 | D:3      | Noticed Ijyb
  1601 | D:3      | Killed Ijyb
  1634 | D:3      | Noticed Sigmund
  1966 | D:3      | Found an ornate altar of the Wu Jian Council.
  2336 | D:3      | Found a stormy altar of Qazlal.
  2341 | D:3      | Became a worshipper of Qazlal Stormbringer
  2472 | D:4      | Reached XP level 6. HP: 58/61 MP: 6/6
  2525 | D:4      | Found Juemnup's Book Shoppe.
  2540 | D:4      | Noticed an ice beast
  2573 | D:4      | Killed an ice beast
  2828 | D:4      | Reached skill level 5 in Unarmed Combat
  2828 | D:4      | Reached XP level 7. HP: 40/71 MP: 7/7
  3204 | D:5      | Entered Level 5 of the Dungeon
  3308 | D:5      | Reached * piety under Qazlal
  3581 | D:5      | Reached skill level 5 in Fighting
  3942 | D:5      | Found a runed translucent door.
  3943 | D:5      | Noticed Crazy Yiuf
  4070 | D:5      | Reached XP level 8. HP: 69/80 MP: 5/8
  4306 | D:5      | Killed Crazy Yiuf
  4410 | D:6      | Noticed Duvessa
  4410 | D:6      | Noticed Dowan
  4419 | D:6      | Killed Duvessa
  4425 | D:6      | Killed Dowan
  4577 | D:6      | Killed Sigmund
  5625 | D:7      | Reached XP level 9. HP: 89/90 MP: 9/9
  5641 | D:7      | Found a staircase to the Ecumenical Temple.
  5718 | D:7      | Reached ** piety under Qazlal
  6112 | Temple   | Entered the Ecumenical Temple
  6138 | D:8      | Found an ancient bone altar of Kikubaaqudgha.
  6149 | D:8      | Noticed an elephant
  6170 | D:8      | Killed an elephant
  6339 | D:8      | Reached skill level 10 in Unarmed Combat
  6379 | D:8      | Reached XP level 10. HP: 35/106 MP: 5/10
  6448 | D:8      | Noticed Gastronok
  6466 | D:8      | Killed Gastronok
  6478 | D:8      | Learned a level 3 spell: Stone Arrow
  6604 | D:8      | Reached skill level 1 in Armour
  6678 | D:8      | Reached *** piety under Qazlal
  6701 | D:8      | Found a staircase to the Lair.
  6966 | Lair:1   | Entered Level 1 of the Lair of Beasts
  6984 | Lair:1   | Reached skill level 1 in Conjurations
  7188 | Lair:1   | Noticed Erica
  7188 | Lair:1   | Noticed Maggie
  7188 | Lair:1   | Noticed a cane toad
  7212 | Lair:1   | Killed a cane toad
  7219 | Lair:1   | Killed Erica
  7220 | Lair:1   | Reached XP level 11. HP: 48/115 MP: 6/13
  7232 | Lair:1   | Killed Maggie
  7974 | D:9      | Noticed a two-headed ogre
  7983 | D:9      | Killed a two-headed ogre
  8365 | D:9      | Reached **** piety under Qazlal
  8386 | D:9      | Found a bloodstained altar of Trog.
  8400 | D:9      | Reached skill level 5 in Armour
  8670 | D:10     | Entered Level 10 of the Dungeon
  9235 | D:10     | Found a staircase to the Orcish Mines.
  9243 | D:10     | Reached skill level 5 in Earth Magic
  9279 | Orc:1    | Entered Level 1 of the Orcish Mines
  9477 | D:11     | Noticed Urug
  9502 | D:11     | Killed Urug
  9770 | D:11     | Noticed a two-headed ogre
  9771 | D:11     | Noticed monsoonserge's ghost (journeyman SpHu)
  9772 | D:11     | Noticed a tengu warrior
  9773 | D:11     | Noticed a two-headed ogre
  9775 | D:11     | Found a bloodstained altar of Trog.
  9798 | D:11     | Found a transporter.
  9801 | D:11     | Reached skill level 10 in Fighting
  9820 | D:11     | Noticed Erolcha
  9822 | D:11     | Noticed Snorg
  9866 | D:11     | Found a stormy altar of Qazlal.
  9973 | D:11     | Killed Erolcha
 10066 | D:11     | Reached XP level 12. HP: 126/126 MP: 16/16
 10075 | D:11     | Learned a level 3 spell: Inner Flame
 10081 | D:11     | Learned a level 3 spell: Mephitic Cloud
 10087 | D:11     | Learned a level 5 spell: Freezing Cloud
 10286 | D:11     | Found a transporter.
 10557 | D:11     | Killed Snorg
 10764 | D:11     | Identified the +6 spear "Ukhutzuaq" {vamp, Fly rF- rCorr
                  | Int+5}
 11077 | Orc:2    | Entered Level 2 of the Orcish Mines
 11079 | Orc:2    | Found Toarphuz's Magic Scroll Shoppe.
 11095 | Orc:2    | Reached skill level 1 in Polearms
 11132 | Orc:2    | Killed from afar by an orc sorcerer

Illustrated notes

Levels and vault maps discovered:
D:1:      psy_arrival_radial01, layout_basic,
          nicolae_concentric_dashed_squares_mild
D:2:      layout_rooms
D:3:      layout_loops_ring, mainiacjoe_overflow_tiny_flanked,
          marbit_many_paths, serial_shops, nicolae_shop_crystal, uniq_terence,
          uniq_ijyb, uniq_sigmund
D:4:      layout_loops_ring, serial_shops, nicolae_shop_behind_doors
D:5:      layout_basic, glass_columns_b, minmay_a_box_with_orc_wizards_in_it,
          uniq_crazy_yiuf_cottage
D:6:      layout_basic, uniq_duvessa
D:7:      layout_rooms, minmay_temple_entry_proselytizer
D:8:      layout_basic, kiku_gazebo_garden_becter, david_lair_generic,
          uniq_gastronok
D:9:      layout_long_grid, trog_hazing_becter, chequers_serial_rivers_micro_e,
          grunt_decor_cap, chequers_garden, nicolae_straight_to_the_point
D:10:     layout_gridville, erik_orc_1
D:11:     layout_basic, gammafunk_ghost_wrathful_warriors, eino_tiny_chamber,
          nicolae_qazlal_eye_of_the_storm, uniq_erolcha, uniq_snorg, uniq_urug
Temple:   nicolae_temple_no_exploring_needed
Lair:1:   layout_roguey, uniq_erica, uniq_maggie
Orc:1:    layout_diamond_mine
Orc:2:    hellmonk_orc_salted, layout_caves, serial_shops, nicolae_shop_trees,
          shop, mines1_david

Skill      XL: |  1  2  3  4  5  6  7  8  9 10 11 12 |
---------------+-------------------------------------+-----
Unarmed Combat | 1 2 3 4 5 6 8 10 | 10.7
Fighting       | 1 2 3 4 5 6 8 9 10 | 10.0
Armour         | 3 6 |  6.0
Earth Magic    | 4 5 |  5.4
Conjurations   | 2 3 4 |  4.0
Spellcasting   | 2 3 |  3.6
Dodging        | 2 |  2.2
Polearms       | 1 |  1.4
Stealth        | |  1.0
Transmutations | |  0.6

Action                     |  1- 3 |  4- 6 |  7- 9 | 10-12 || total
---------------------------+-------+-------+-------+-------++-------
  Melee: Unarmed           |    93 |   207 |   290 |   393 ||   983
         Punch             |     2 |     3 |    15 |    29 ||    49
         Spear             |       |       |       |    10 ||    10
   Cast: Sandblast         |     4 |    13 |    47 |    33 ||    97
         Passwall          |       |     1 |       |       ||     1
 Invoke: Upheaval          |       |       |     1 |     1 ||     2
  Evoke: Wand              |       |       |       |     4 ||     4
    Use: Scroll            |       |     7 |     3 |     4 ||    14
         Potion            |       |       |    11 |     2 ||    13
   Stab: Sleeping          |     3 |     2 |       |       ||     5
         Confused          |       |       |     1 |     1 ||     2
 Armour: Robe              |    31 |    58 |    94 |       ||   183
         Skin              |       |     6 |    36 |       ||    42
         Steam dragon scal |       |       |    23 |    29 ||    52
         Swamp dragon scal |       |       |       |    94 ||    94
  Dodge: Dodged            |    45 |   122 |   157 |   125 ||   449
         Repelled          |       |       |       |     1 ||     1
  Block: Other             |       |       |    18 |   131 ||   149
         Reflection        |       |       |       |    11 ||    11
